 Dungeon Crawl Stone Soup version 0.29-a0-973-gac7da5f7f0 (webtiles) character file.

Game seed: 15079527258528444411

10908 concernfroge the Carver (level 11, 0/90 HPs)
             Began as a Mummy Monk on July 31, 2022.
             Was a High Priest of Okawaru.
             Slain by a sun demon (20 damage)
             ... in a volcano.
             The game lasted 00:31:13 (10002 turns).

concernfroge the Carver (Mummy Monk)               Turns: 10002, Time: 00:31:13

Health: 0/90       AC: 21    Str: 16    XL:     11   Next: 42%
Magic:  9/15       EV:  2    Int: 10    God:    Okawaru [*****.]
Gold:   545        SH: 18    Dex: 21    Spells: 10/10 levels left

rFire   + . .      SeeInvis .   q - +0 scimitar (venom)
rCold   + + +      Faith    .   j - +2 shield of Resistance {rF++ rC++ Will++}
rNeg    + + +      Spirit   .   n - +0 crystal plate armour of True Grit {Harm Regen+ Dex+4 Stlth+}
rPois   ∞          Reflect  +   (no helmet)
rElec   .          Harm     +   (no cloak)
rCorr   .          Rampage  +   i - +0 pair of gloves
Will    +++..                   f - +2 pair of boots {rampage}
Stlth   ..........              b - amulet of reflection
HPRegen 1.05/turn               c - +4 ring of slaying
MPRegen 0.14/turn               (no ring)

@: about to teleport, heroic, finesse-ful
A: cold resistance 1, negative energy resistance 3, torment resistance 2, heat
vulnerability 1, in touch with death 1, no potions
a: Renounce Religion, Heroism, Finesse, Duel


You were in a volcano.
You worshipped Okawaru.
Okawaru was extremely pleased with you.
You visited 3 branches of the dungeon, and saw 10 of its levels.
You also visited: Volcano.

You collected 545 gold pieces.

Inventory:

Hand Weapons
 p - a +0 great sword
 q - a +0 scimitar of venom (weapon)
Missiles
 g - 22 poisoned darts (quivered)
 l - 6 atropa-tipped darts
Armour
 f - a +2 pair of boots of rampaging (worn)
 i - a +0 pair of gloves (worn)
 j - the +2 shield of Resistance (worn) {rF++ rC++ Will++}
   (You found it on level 6 of the Dungeon)

   rF:        It greatly protects you from fire.
   rC:        It greatly protects you from cold.
   Will:      It greatly increases your willpower.
 n - the +0 crystal plate armour of True Grit (worn) {Harm Regen+ Dex+4 Stlth+}
   (Okawaru gifted it to you on level 8 of the Dungeon)

   Dex:       It affects your dexterity (+4).
   Regen:     It increases your rate of health regeneration.
   Harm:      It increases damage dealt and taken.
   Stlth:     It makes you more stealthy.
Jewellery
 b - an amulet of reflection (around neck)
 c - a +4 ring of slaying (left hand)
Wands
 o - a wand of iceblast (6)
Scrolls
 d - 2 scrolls of noise
 e - a scroll of identify
 h - 2 scrolls of vulnerability
 k - a scroll of immolation
 r - a scroll of amnesia
 s - a scroll of fog


   Skills:
 - Level 10.0(15.0) Fighting
 + Level 11.6(16.6) Long Blades
 - Level 2.4(7.4) Polearms
 - Level 2.4(7.4) Dodging
 - Level 1.5(6.5) Stealth
 + Level 6.6 Invocations


You had 10 spell levels left.
You didn't know any spells.
Your spell library contained the following spells:

 Spells                   Type           Power      Damage    Failure   Level
 Apportation              Tloc           0%         N/A       100%        1
 Necrotise                Necr           0%         1d4       100%        1
 Conjure Flame            Conj/Fire      0%         6-21      100%        3
 Ignite Poison            Fire/Tmut/Pois 0%         N/A       100%        3
 Sticky Flame             Conj/Fire      0%         2d3       100%        4
 Freezing Cloud           Conj/Ice/Air   0%         6-21      100%        5
 Polar Vortex             Ice            0%         N/A       100%        9
 Summon Small Mammal      Summ           Unusable   N/A       N/A         1
 Simulacrum               Ice/Necr       Unusable   N/A       N/A         6

Dungeon Overview and Level Annotations

Branches:
Dungeon (8/15)             Temple (1/1) D:4            Lair (1/5) D:8
Volcano (1/1)

Altars:
Ashenzari
Cheibriados
Dithmenos
Fedhas
Gozag
Hepliaklqana
Makhleb
Okawaru
Qazlal
Ru
Sif Muna
Trog
Vehumet
Wu Jian
Xom

Annotations:
Lair:1 Nergalle


Innate Abilities, Weirdness & Mutations

You are immune to poison.
Your flesh is cold resistant. (rC+)
You are immune to negative energy. (rN+++)
You are immune to unholy pain and torment.
You are vulnerable to heat. (rF-)
You are in touch with the powers of death.
You do not drink.


Message History

You can now deal lightning-fast blows.
You block the sun demon's attack.
The hell hound bites you but does no damage.
The sun demon barely misses you.
You hit the sun demon but do no damage.
The sun demon is heavily wounded.
A hell hound comes into view.
The hell hound bites you but does no damage.
You block the sun demon's attack.
The hell hound barks!
You slice the sun demon!!
You kill the sun demon!
Okawaru is honoured by your kill.
You slash the sun demon!
The sun demon is moderately wounded.
You block the hell hound's attack. You block the sun demon's attack.
You closely miss the sun demon.
The sun demon is moderately wounded.
You closely miss the sun demon.
The sun demon is moderately wounded.
The hell hound bites you but does no damage.
The sun demon hits you!
You are engulfed in flames.
You resist.
You barely miss the sun demon.
The sun demon is moderately wounded.
You block the hell hound's attack.
You barely miss the sun demon.
The sun demon is moderately wounded.
You block the sun demon's attack. You block the hell hound's attack.
You slash the sun demon!
The sun demon is severely wounded.
You block the hell hound's attack.
As you read the scroll of teleportation, it crumbles to dust.
You feel strangely unstable. You block the hell hound's attack.
The hell hound bites you but does no damage.
The sun demon hits you.
You are engulfed in flames.
You resist.
* * * LOW HITPOINT WARNING * * *
You block the hell hound's attack. The hell hound bites you.
* * * LOW HITPOINT WARNING * * *
The sun demon hits you!
You die...

##.....# #.§....#
##....§.#.§....#
#....§..§§...###
##§.....§......##
#§....####......##
#.§.§.# ###.....##
#§.§§.# ###.....#
#...h.## #§§.....#
#.@h..#####......#
###3.............#
##............##
#....§§§......#
##[..§§§.......#
#....§§.......##
#.D.§.###......≈#
#.(..3## ##......#
#..3..# #......


You could see a sun demon and 2 hell hounds.

Vanquished Creatures
  A boulder beetle (D:8)
  2 centaur warriors (D:8)
  A tengu warrior (D:8)
  A sun demon (Volcano)
  An ugly thing (D:8)
  A manticore (D:8)
  A cyclops (D:8)
  Joseph (D:8)
  Maggie (D:8)
  Prince Ribbit (D:7)
  4 blink frogs (Lair:1)
  Sigmund (D:2)
  3 yaks (D:6)
  Eustachio (D:5)
  4 steam dragons
  Menkaure (D:7)
  3 wargs (D:8)
  2 acid dragons (D:8)
  Duvessa (D:4)
  4 water moccasins
  An orc warrior (D:7)
  A black bear (D:7)
  An ice beast (D:6)
  2 ogres (D:4)
  A centaur (D:6)
  3 kobold brigands
  4 bullfrogs
  A gnoll sergeant (D:8)
  5 necrophages
  2 scorpions (D:6)
  6 wights
  A jelly (D:5)
  Dowan (D:5)
  A howler monkey (D:6)
  2 hounds
  3 orc priests (D:8)
  A gnoll bouda (D:7)
  Ijyb (D:5)
  2 iguanas
  Natasha (thrice) (D:2)
  6 orc wizards
  A statue (D:5)
  4 gnolls (D:7)
  7 adders
  3 white imps
  An ufetubus (D:4)
  4 worms
  6 dart slugs
  18 orcs
  7 ball pythons
  7 bats
  7 endoplasms
  2 giant cockroaches (D:1)
  7 goblins
  3 hobgoblins
  7 jackals
  3 quokkas
  18 frilled lizards
  19 kobolds
  8 rats
215 creatures vanquished.

Vanquished Creatures (others)
  A steam dragon (Volcano)
  A kobold brigand (D:8)
  15 plants
17 creatures vanquished.

Grand Total: 232 creatures vanquished

Notes
Turn   | Place    | Note
-------+----------+-------------------------------------------
     0 | D:1      | concernfroge the Mummy Monk began the quest for the Orb.
     0 | D:1      | Reached XP level 1. HP: 18/18 MP: 1/1
   342 | D:1      | Reached XP level 2. HP: 24/24 MP: 2/2
   710 | D:1      | Gained mutation: You are in touch with the powers of death.
                  | [Mummy growth]
   710 | D:1      | Reached XP level 3. HP: 30/30 MP: 3/3
  1542 | D:2      | Noticed Natasha
  1553 | D:2      | Killed Natasha
  1554 | D:2      | Reached skill level 5 in Fighting
  1554 | D:2      | Reached XP level 4. HP: 26/39 MP: 4/4
  1760 | D:2      | Noticed Natasha
  1783 | D:2      | Killed Natasha
  1936 | D:2      | Noticed Sigmund
  1988 | D:2      | Noticed Natasha
  1994 | D:2      | Killed Natasha
  1995 | D:2      | Reached XP level 5. HP: 38/46 MP: 5/5
  2673 | D:3      | Found a faded altar of an unknown god.
  2842 | D:3      | Identified the +1 leather armour "Faigiuh" {rElec rF+}
  3531 | D:4      | Found a staircase to the Ecumenical Temple.
  3552 | Temple   | Entered the Ecumenical Temple
  3671 | Temple   | Became a worshipper of Warmaster Okawaru
  3671 | Temple   | Reached * piety under Okawaru
  3671 | Temple   | Reached ** piety under Okawaru
  3750 | D:4      | Noticed an ogre
  3755 | D:4      | Killed an ogre
  3756 | D:4      | Reached XP level 6. HP: 55/55 MP: 6/6
  3899 | D:4      | Found a snail-covered altar of Cheibriados.
  4054 | D:4      | Found a sacrificial altar of Ru.
  4378 | D:2      | Killed Sigmund
  4378 | D:2      | Reached *** piety under Okawaru
  4379 | D:2      | Reached XP level 7. HP: 61/63 MP: 7/7
  4448 | D:5      | Entered Level 5 of the Dungeon
  4448 | D:5      | Noticed Dowan
  4451 | D:5      | Noticed Eustachio
  4451 | D:5      | Noticed Duvessa
  4452 | D:5      | Killed Dowan
  4464 | D:4      | Killed Duvessa
  4770 | D:5      | Killed Eustachio
  4971 | D:5      | Reached XP level 8. HP: 70/72 MP: 8/8
  5030 | D:5      | Reached skill level 10 in Fighting
  5049 | D:5      | Reached **** piety under Okawaru
  5050 | D:5      | Reached skill level 2 in Long Blades
  5307 | D:5      | Found a shimmering altar of Xom.
  5440 | D:5      | Found a radiant altar of Vehumet.
  5539 | D:5      | Found an opulent altar of Gozag.
  5613 | D:5      | Reached skill level 3 in Long Blades
  5679 | D:5      | Found a burning altar of Makhleb.
  5762 | D:5      | Noticed Ijyb
  5767 | D:5      | Killed Ijyb
  5877 | D:6      | Found a blossoming altar of Fedhas.
  5933 | D:6      | Reached skill level 4 in Long Blades
  5947 | D:6      | Reached skill level 5 in Long Blades
  6027 | D:6      | Reached XP level 9. HP: 63/78 MP: 9/9
  6180 | D:6      | Reached skill level 6 in Long Blades
  6278 | D:6      | Found the +2 shield of Resistance {rF++ rC++ Will++}
  6419 | D:6      | Reached skill level 7 in Long Blades
  6641 | D:7      | Noticed Menkaure
  6662 | D:7      | Noticed Prince Ribbit
  6675 | D:7      | Killed Prince Ribbit
  6675 | D:7      | Reached ***** piety under Okawaru
  6926 | D:7      | Reached skill level 8 in Long Blades
  7025 | D:7      | Killed Menkaure
  7998 | D:7      | Reached skill level 9 in Long Blades
  8009 | D:8      | Reached XP level 10. HP: 69/85 MP: 10/10
  8216 | D:8      | Noticed a centaur warrior
  8217 | D:8      | Noticed a tengu warrior
  8217 | D:8      | Noticed a red ugly thing
  8395 | D:8      | Killed a centaur warrior
  8395 | D:8      | Identified the +0 crystal plate armour of True Grit {Harm
                  | Regen+ Dex+4 Stlth+} (Okawaru gifted it to you on level 8
                  | of the Dungeon)
  8395 | D:8      | Received a gift from Okawaru
  8513 | D:8      | Killed a tengu warrior
  8514 | D:8      | Reached skill level 10 in Long Blades
  8530 | D:8      | Killed a red ugly thing
  8919 | D:8      | Identified the +0 ring mail of Serendipity {rF+}
  8951 | D:8      | Noticed a manticore
  8958 | D:8      | Killed a manticore
  9031 | D:8      | Found a stormy altar of Qazlal.
  9031 | D:8      | Noticed Maggie
  9048 | D:8      | Killed Maggie
  9165 | D:8      | Noticed a centaur warrior
  9165 | D:8      | Noticed a cyclops
  9175 | D:8      | Killed a cyclops
  9184 | D:8      | Killed a centaur warrior
  9292 | D:8      | Noticed a boulder beetle
  9304 | D:8      | Killed a boulder beetle
  9305 | D:8      | Reached skill level 11 in Long Blades
  9305 | D:8      | Reached skill level 5 in Invocations
  9305 | D:8      | Reached XP level 11. HP: 90/90 MP: 6/14
  9331 | D:8      | Noticed Joseph
  9343 | D:8      | Killed Joseph
  9415 | D:8      | Found a staircase to the Lair.
  9766 | Lair:1   | Entered Level 1 of the Lair of Beasts
  9911 | Lair:1   | Found a dark tunnel.
  9911 | Lair:1   | Noticed Nergalle
  9920 | Volcano  | Entered a volcano
  9980 | Volcano  | Noticed a sun demon
  9982 | Volcano  | Noticed a sun demon
  9995 | Volcano  | Killed a sun demon
 10002 | Volcano  | Slain by a sun demon

Illustrated notes

Levels and vault maps discovered:
D:1:      amcnicky_arrival_underground_garden, layout_basic, minmay_lizard_king
D:2:      layout_basic, minmay_misc_feat_rugged, kennysheep_generic_room_2,
          uniq_natasha, uniq_sigmund
D:3:      layout_loops_ring, hellmonk_ecumenical_altar_dog_temple
D:4:      layout_basic, slow_altar_2, mainiacjoe_overflow_big_doors,
          minmay_temple_entry_junction_2
D:5:      layout_basic, marbit_many_paths, mainiacjoe_overflow_surrounded_room,
          kennysheep_little_box, vehumet_statue, grunt_tough_drop,
          uniq_eustachio, uniq_duvessa, uniq_ijyb
D:6:      layout_basic, fedhas_altar_decomposition, minmay_ruined_shrine
D:7:      layout_loops_cross, serial_bayou_pond_a, minmay_misc_feat_alley,
          uniq_prince_ribbit1, uniq_menkaure
D:8:      layout_loops_ring, grunt_qazlal_sundering, erik_lair_orcish_takeover,
          minmay_shattered_shrine, uniq_joseph, uniq_maggie
Temple:   nicolae_temple_two_arcs
Lair:1:   layout_hall_layers, nicolae_volcano_entry_two_sided,
          grunt_megastairs_5, uniq_nergalle, uniq_sonja
Volcano:  hellmonk_smoking_crater

Skill      XL: |  1  2  3  4  5  6  7  8  9 10 11 |
---------------+----------------------------------+-----
Fighting       | 4 5 7 8 9 10 | 10.0
Long Blades    | 5 9 11 | 11.6
Invocations    | 5 6 |  6.6
Polearms       | |  2.4
Dodging        | |  2.4
Stealth        | |  1.5

Action                   |  1- 3 |  4- 6 |  7- 9 | 10-12 || total
-------------------------+-------+-------+-------+-------++-------
Melee: Spear             |   178 |    95 |       |       ||   273
       Punch             |     1 |     2 |       |       ||     3
       Trident           |       |    72 |       |       ||    72
       Great sword       |       |    12 |   123 |       ||   135
       Scimitar          |       |       |   108 |   195 ||   303
Throw: Dart              |       |       |       |     2 ||     2
Invok: Heroism           |       |       |       |     7 ||     7
       Finesse           |       |       |       |     3 ||     3
Evoke: Wand              |       |     3 |     9 |     4 ||    16
  Use: Scroll            |       |     3 |     8 |     7 ||    18
 Stab: Sleeping          |     3 |       |       |       ||     3
Armor: Leather armour    |    12 |       |       |       ||    12
       Chain mail        |    58 |    72 |   124 |       ||   254
       Plate armour      |       |       |    16 |    15 ||    31
       Crystal plate arm |       |       |       |    68 ||    68
Dodge: Dodged            |    48 |    45 |    83 |     9 ||   185
Block: Other             |       |    28 |    36 |       ||    64
       Reflection        |       |     4 |     2 |    12 ||    18
       Kite shield       |       |       |   105 |   151 ||   256

Table legend: (Time is in decaauts)
 A = Elapsed time spent in this place.
 B = Non-inter-level travel time spent in this place.
 C = Inter-level travel time spent in this place.
 D = Time resting spent in this place.
 E = Time spent auto-exploring this place.
 F = Levels seen in this place.
 G = Mean time per level.
                   A        B        C        D        E       F      G
               +--------+--------+--------+--------+--------+-----+--------+
         Total |  10101 |   9642 |    459 |   1104 |   6890 |  11 |  918.3 |
       Dungeon |   9750 |   9302 |    448 |   1104 |   6645 |   8 | 1218.8 |
        Temple |    127 |    116 |     11 |      0 |    112 |   1 |  127.0 |
          Lair |    145 |    145 |      0 |      0 |    101 |   1 |  145.0 |
       Volcano |     77 |     77 |      0 |      0 |     32 |   1 |   77.0 |
               +--------+--------+--------+--------+--------+-----+--------+

Top non-repeatable levels by time:
     D:8: 1684 daAuts
     D:7: 1657 daAuts
     D:2: 1369 daAuts
     D:1: 1225 daAuts
     D:4: 1208 daAuts
     D:5: 1169 daAuts
     D:3: 844 daAuts
     D:6: 590 daAuts
  Lair:1: 145 daAuts
  Temple: 127 daAuts
 Volcano: 77 daAuts
